 Dungeon Crawl Stone Soup version 0.31-a0-236-g9a0961fb85 (webtiles) character file.

Game seed: 12561939821462381227

143 qw the Shooter (level 5, 0/30 HPs)
             Began as a Gargoyle Hexslinger on July 10, 2023.
             Slain by a gnoll
             ... wielding a +0 flail
              (2 damage)
             ... on level 3 of the Dungeon.
             The game lasted 00:00:49 (1674 turns).

qw the Shooter (Gargoyle Hexslinger)                Turns: 1674, Time: 00:00:50

Health: 0/30       AC: 10    Str: 18    XL:     5   Next: 25%
Magic:  6/6        EV: 11    Int: 13    God:
Gold:   181        SH:  0    Dex: 14    Spells: 5/6 levels left

rFire   . . .        Y - +1 sling
rCold   . . .        (no shield)
rNeg    + . .        g - +0 ring mail
rPois   inf          (no helmet)
rElec   +            d - +0 cloak of Naegueg {Rampage +Inv Stlth+}
rCorr   .            (no gloves)
SInv    .            (no boots)
Will    .....        j - amulet of regeneration
Stlth   ++           f - +6 ring of strength
HPRegen 1.05/turn    (no ring)
MPRegen 0.10/turn

%: rampage
@: no status effects
A: sickness immunity, AC +4, negative energy resistance 1, electricity
resistance, torment resistance 1, petrification resistance
a: Evoke Invisibility


You were on level 3 of the Dungeon.
You visited 1 branch of the dungeon, and saw 3 of its levels.

You collected 181 gold pieces.


Innate Abilities, Weirdness & Mutations

You are immune to sickness and miasma.
Your stone body is resilient. (AC +4)
You are immune to poison.
You resist negative energy. (rN+)
You are resistant to electric shocks. (rElec)
You are resistant to unholy torment.
You are immune to petrification.


   Skills:
 - Level 2.0 Fighting
 + Level 4.8 Ranged Weapons
 - Level 1.0 Armour
 - Level 1.5 Dodging
 - Level 1.0 Spellcasting
 - Level 2.6 Hexes


You had 5 spell levels left.
You knew the following spells:

 Your Spells              Type           Power      Damage    Failure   Level
a - Slow                  Hex            28%        N/A       17%         1

Your spell library contained the following spells:

 Spells                   Type           Power      Damage    Failure   Level
 Inner Flame              Hex/Fire       4%         N/A       65%         3
 Portal Projectile        Hex/Tloc       8%         N/A       65%         3
 Cause Fear               Hex            3%         N/A       86%         4

Inventory:

Hand Weapons
 Y - a +1 sling (weapon)
Armour
 d - the +0 cloak of Naegueg (worn) {Rampage +Inv Stlth+}
   (You acquired it on level 1 of the Dungeon)

   +Inv:      It lets you turn invisible.
   Rampage:   It bestows one free step when moving towards enemies.
   Stlth:     It makes you more stealthy.
 g - a +0 ring mail (worn)
Jewellery
 f - a +6 ring of strength (left hand)
 j - an amulet of regeneration (around neck)
Scrolls
 a - a scroll of identify
Potions
 e - a potion of haste
 k - a potion of brilliance {unknown}

Dungeon Overview and Level Annotations

Branches:
Dungeon (3/15)

Altars:
Zin


Message History

The sling bullet hits the gnoll but does no damage.
The gnoll is moderately wounded.
The gnoll hits you with a +0 flail.
You shoot a sling bullet.
The sling bullet closely misses the gnoll.
You hear the rusting of a very distant drain.
The gnoll hits you with a +0 flail.
1665 ||| DRINKING potion of heal wounds.
You feel much better. The gnoll hits you with a +0 flail.
You shoot a sling bullet.
The sling bullet completely misses the gnoll.
The gnoll hits you with a +0 flail. x2
You shoot a sling bullet. The sling bullet hits the gnoll.
The gnoll is heavily wounded.
The gnoll hits you but does no damage.
You shoot a sling bullet.
The sling bullet closely misses the gnoll.
The gnoll hits you but does no damage.
You shoot a sling bullet.
The sling bullet hits the gnoll but does no damage.
The gnoll is heavily wounded.
The gnoll hits you with a +0 flail! The gnoll closely misses you.
You shoot a sling bullet.
The sling bullet barely misses the gnoll.
The gnoll hits you but does no damage.
You shoot a sling bullet. The sling bullet hits the gnoll.
The gnoll is severely wounded.
The gnoll hits you with a +0 flail!
You shoot a sling bullet. The sling bullet hits the gnoll.
The gnoll is almost dead.
The gnoll hits you with a +0 flail.
You shoot a sling bullet.
The sling bullet barely misses the gnoll.
The gnoll hits you with a +0 flail. x2
You shoot a sling bullet.
The sling bullet hits the gnoll but does no damage.
The gnoll is almost dead.
The gnoll hits you with a +0 flail.
You die...

#####
#########...#
#g@.....).#.#
#)#######...# #.
##.## #. #.
#.#######. ..
#.##...... #.
#.#####%##.###..
..
................
##
..#####.#..###..
#.....###.


You could see a gnoll.

Vanquished Creatures
  2 gnolls (D:3)
  5 adders
  A river rat (D:3)
  A worm (D:2)
  2 dart slugs (D:1)
  5 endoplasms
  4 giant cockroaches
  4 goblins
  10 hobgoblins
  2 jackals (D:3)
  3 kobolds
  2 quokkas
  7 ball pythons
  4 bats
  3 frilled lizards
  4 rats
59 creatures vanquished.

Notes
Turn   | Place    | Note
-------+----------+-------------------------------------------
     0 | D:1      | qw the Gargoyle Hexslinger began the quest for the Orb.
     0 | D:1      | Reached XP level 1. HP: 12/12 MP: 2/2
     0 | D:1      | 0 ||| qw: Version: 0.3-a-52-g30416fa
     0 | D:1      | 0 ||| qw: Game counter: 4638
     0 | D:1      | 0 ||| qw: Melee chars always use a shield: true
     0 | D:1      | 0 ||| qw: God list: Okawaru
     0 | D:1      | 0 ||| qw: Allow faded altars: false
     0 | D:1      | 0 ||| qw: Do Orc after clearing Dungeon:15 true
     0 | D:1      | 0 ||| qw: Do second Lair branch before Depths: true
     0 | D:1      | 0 ||| qw: Lair rune preference: random
     0 | D:1      | 0 ||| qw: Goals: Normal
     0 | D:1      | 0 ||| PLANNING D:1-11
   131 | D:1      | 131 ||| FLEEEEING.
   132 | D:1      | 132 ||| FLEEEEING.
   133 | D:1      | 133 ||| FLEEEEING.
   134 | D:1      | 134 ||| FLEEEEING.
   135 | D:1      | 135 ||| FLEEEEING.
   145 | D:1      | Reached XP level 2. HP: 16/16 MP: 3/3
   202 | D:1      | Reached skill level 3 in Ranged Weapons
   407 | D:1      | Reached XP level 3. HP: 21/21 MP: 4/4
   667 | D:1      | 667 ||| UPGRADING to +6 ring of strength.
   668 | D:1      | 668 ||| READING 2 scrolls labelled QOGARCHIYRU.
   669 | D:1      | 669 ||| READING scroll labelled GYMMU EZOUNET.
   669 | D:1      | Identified a scroll of acquirement
   669 | D:1      | 669 ||| ACQUIRING +0 cloak of Naegueg {Rampage +Inv Stlth+}
   669 | D:1      | Acquired the +0 cloak of Naegueg {Rampage +Inv Stlth+}
   671 | D:1      | 671 ||| UPGRADING to +0 cloak of Naegueg {Rampage +Inv
                  | Stlth+}.
   676 | D:1      | 676 ||| READING scroll labelled AHEISI MEUDGHOZ.
   677 | D:1      | 677 ||| READING scroll labelled TIOXOKLI CUSUA.
   678 | D:1      | 678 ||| DROPPING scroll of poison.
   755 | D:2      | Found a glowing silver altar of Zin.
   868 | D:2      | Reached XP level 4. HP: 26/26 MP: 5/5
   945 | D:2      | Reached skill level 4 in Ranged Weapons
  1444 | D:2      | 1444 ||| UPGRADING to +0 ring mail.
  1454 | D:2      | 1454 ||| DROPPING +0 robe.
  1455 | D:2      | 1455 ||| UPGRADING to amulet of regeneration.
  1460 | D:2      | 1460 ||| READING scroll labelled NAWITW LEHUUNG.
  1461 | D:2      | 1461 ||| READING scroll labelled FYJAWN BOVUP.
  1462 | D:2      | 1462 ||| DRINKING 2 dark potions.
  1463 | D:2      | 1463 ||| READING 2 scrolls of identify.
  1463 | D:2      | 1463 ||| IDENTIFYING fizzy grey potion
  1489 | D:3      | 1489 ||| PLANNING SEWER
  1549 | D:3      | Reached skill level 1 in Armour
  1640 | D:3      | Reached XP level 5. HP: 30/30 MP: 6/6
  1664 | D:3      | HP: 7/30 [gnoll/+0 flail (5)]
  1665 | D:3      | 1665 ||| DRINKING potion of heal wounds.
  1672 | D:3      | HP: 7/30 [gnoll/+0 flail (4)]
  1673 | D:3      | HP: 1/30 [gnoll/+0 flail (5)]
  1674 | D:3      | Slain by a gnoll

Levels and vault maps discovered:
D:1:      mrwooster_arrival_arrow, layout_loops_cross
D:2:      minmay_door_path, layout_basic, basic_altar
D:3:      layout_loops_ring, mainiacjoe_overflow_alcove_1,
          lightli_sewer_entry_pipes, minmay_surrounded

Skill      XL: |  1  2  3  4 |
---------------+-------------+-----
Ranged Weapons | 3 4 |  4.8
Fighting       | 2 |  2.0
Armour         | 1 |  1.0
Dodging        | |  1.5
Spellcasting   | |  1.0
Hexes          | |  2.6

Action                     |  1- 3 |  4- 6 || total
---------------------------+-------+-------++-------
   Fire: Sling             |   104 |   115 ||   219
    Use: Scroll            |     4 |     3 ||     7
         Potion            |       |     2 ||     2
 Armour: Robe              |     8 |     5 ||    13
         Ring mail         |       |    69 ||    69
  Dodge: Dodged            |    14 |   115 ||   129

Table legend:
 A = Non-vault XP
 B = Vault XP
 C = Vault XP percentage of total XP
 D = Non-vault monster count
 E = Vault monster count
 F = Vault count percentage of total count
                 A         B        C        D         E       F
            +---------+---------+-------+---------+---------+-------
      Total |     181 |      24 |  11.7 |      51 |       8 |  13.6
            +---------+---------+-------+---------+---------+-------
        D:1 |      48 |       0 |   0.0 |      25 |       0 |   0.0
        D:2 |      52 |       2 |   3.7 |      15 |       1 |   6.2
        D:3 |      81 |      22 |  21.4 |      11 |       7 |  38.9
            +---------+---------+-------+---------+---------+-------
